 Dungeon Crawl Stone Soup version 0.32-a0-128-g77eb882913 (webtiles) character file.

Game seed: 2020172318347542628

7870 Gargoyl the Cleaver (level 11, 0/71 HPs)
             Began as a Gargoyle Berserker on Feb 8, 2024.
             Was an Elder of Trog.
             Slain by a komodo dragon (23 damage)
             ... on level 1 of the Lair of Beasts.
             The game lasted 00:10:08 (5962 turns).

Gargoyl the Cleaver (Gargoyle Berserker)            Turns: 5962, Time: 00:10:08

Health: 0/71       AC: 24    Str: 21    XL:     11   Next: 22%
Magic:  11/11      EV: 11    Int:  8    God:    Trog [****..]
Gold:   284        SH:  0    Dex: 15    Spells: 10/10 levels left

rFire   . . .        a - +2 hand axe (heavy)
rCold   . . .        (no shield)
rNeg    + . .        j - +0 chain mail
rPois   ∞            n - +1 helmet
rElec   +            m - +0 cloak
rCorr   +            q - +0 pair of gloves
SInv    +            (no boots)
Will    ++...        b - amulet of Vianne {Regen+ Dex+2 SInv Stlth+}
Stlth   +            r - ring of resist corrosion
HPRegen 2.11/turn    (no ring)
MPRegen 0.12/turn

%: no passive effects
@: strong-willed, on berserk cooldown, regenerating, slowed, very slow
A: sickness immunity, AC +8, negative energy resistance 1, electricity
resistance, torment resistance 1, petrification resistance, subdued magic 1,
sturdy frame 1
a: Renounce Religion, Berserk, Trog's Hand, Brothers in Arms


You were on level 1 of the Lair of Beasts.
You worshipped Trog.
Trog was greatly pleased with you.
You visited 2 branches of the dungeon, and saw 9 of its levels.

You collected 383 gold pieces.
You spent 99 gold pieces at shops.

Inventory:

Hand Weapons
 a - a +2 heavy hand axe (weapon)
 d - a +0 spear
 l - a +3 war axe
 o - a +2 flail of protection
 u - a +0 executioner's axe
Missiles
 w - 3 throwing nets (quivered)
Armour
 j - a +0 chain mail (worn)
 m - a +0 cloak (worn)
 n - a +1 helmet (worn)
 q - a +0 pair of gloves (worn)
Jewellery
 b - the amulet of Vianne (around neck) {Regen+ Dex+2 SInv Stlth+}
   (You acquired it on level 4 of the Dungeon)

   [amulet of regeneration]

   Dex+2:     It affects your dexterity (+2).
   SInv:      It lets you see invisible.
   Regen+:    It increases your rate of health regeneration.
   Stlth+:    It makes you more stealthy.
 r - a ring of resist corrosion (left hand)
 t - an amulet of regeneration
 y - a ring of see invisible
Wands
 p - a wand of flame (21)
Scrolls
 c - a scroll of blinking {unknown}
 i - 4 scrolls of teleportation
 k - 2 scrolls of poison
 x - 2 scrolls of immolation
Potions
 f - 2 potions of might
 g - a potion of berserk rage
 h - 3 potions of enlightenment
 s - a potion of haste {unknown}
 z - a potion of attraction {unknown}
 A - a potion of magic {unknown}
 B - a potion of curing {unknown}
 C - a potion of mutation


   Skills:
 + Level 9.4 Fighting
 + Level 10.7 Axes
 + Level 8.5 Armour
 + Level 5.2 Dodging
 + Level 3.2 Stealth


You had 10 spell levels left.
You didn't know any spells.
Your spell library was empty.

Dungeon Overview and Level Annotations

Branches:
Dungeon (8/15)             Temple (0/1) D:7            Lair (1/5) D:8

Altars:
Elyvilon
Fedhas
Hepliaklqana
Ru
Sif Muna
Uskayaw
Vehumet
Yredelemnul

Shops:
D:2 !!*   D:3 (   D:5 **

Portals:
Ice
Cave: Lair:1


Innate Abilities, Weirdness & Mutations

You are immune to sickness and miasma.
Your stone body is resilient. (AC +8)
You are immune to poison.
You resist negative energy. (rN+)
You are resistant to electric shocks. (rElec)
You are resistant to unholy torment.
You are immune to petrification.
Your spells are a little easier to cast, but a little less powerful.
Your movements are slightly less encumbered by armour. (ER -2)


Message History

You hit the white imp but do no damage. You completely miss the white imp.
You slash the white imp!
You kill the white imp!
Trog accepts your kill. The white imp barely misses you.
The white imp gestures at you.
The puff of frost hits you but does no damage.
The white imp barely misses you.
The white imp hits you but does no damage. x2
The white imp misses you.
You slice the white imp!!
You kill the white imp!
Trog accepts your kill.
You hit the komodo dragon. You closely miss the white imp.
You slash the white imp!
You kill the white imp!
Trog accepts your kill. The komodo dragon closely misses you.
The white imp hits you but does no damage.
The komodo dragon completely misses you.
The white imp barely misses you.
You hit the komodo dragon.
The komodo dragon is lightly wounded.
You slash the white imp!
You kill the white imp!
Trog accepts your kill. The komodo dragon closely misses you.
Unknown command.
You hit the komodo dragon but do no damage.
The komodo dragon is lightly wounded.
The komodo dragon bites you!! The komodo dragon bites you!
* * * LOW HITPOINT WARNING * * *
Unknown command.
You feel much better. The komodo dragon bites you! x2
* * * LOW HITPOINT WARNING * * *
You fail to use your ability.
The komodo dragon bites you but does no damage.
Your ogre goes berserk!
The komodo dragon bites you!!
You die...

#....# #....#***,,,,**
.....# #....#*,,,,,,,*
#....## #....#**,,,,.,**
......# ##....# *,,,..,,*
#....## #.....##*,,∩..,**
#.....######.....#*,....,,*
#....##P#.##....###.....***
..........†.....O.......*
................@l......**
........................,*
........................**
##..P#P#####P###.##.####,*
######## ### ###*## *** # #
# #


You could see a komodo dragon (ally target) and a friendly ogre (summoned,
berserk).

Vanquished Creatures
  A catoblepas (Lair:1)
  Pikel (D:5)
  3 elephants (Lair:1)
  2 black mambas (Lair:1)
  A rime drake (Lair:1)
  A cane toad (Lair:1)
  Psyche (D:8)
  The ghost of LDflipp the Chopper, an amateur TrCK of Xom (D:4)
  A wyvern (D:8)
  A basilisk (D:8)
  5 yaks (D:8)
  Eustachio (D:5)
  Duvessa (D:7)
  2 water moccasins (D:8)
  An ice beast (D:8)
  An orc warrior (D:7)
  2 sky beasts (D:7)
  2 black bears
  A centaur (D:6)
  An ogre (D:6)
  3 lemures (D:5)
  3 bullfrogs
  A gnoll sergeant (D:6)
  5 scorpions
  8 wights
  Dowan (D:7)
  A bombardier beetle (D:4)
  A howler monkey (D:4)
  6 crimson imps (D:7)
  A hound (D:4)
  A jelly (D:5)
  3 orc priests
  Crazy Yiuf (D:7)
  2 gnoll boudas
  2 sleepcaps
  3 iguanas
  3 orc wizards (D:8)
  12 gnolls
  6 adders
  2 shadow imps (D:7)
  14 white imps
  4 ufetubi
  3 dart slugs
  2 ribbon worms
  22 orcs
  10 ball pythons
  4 bats
  4 endoplasms
  5 giant cockroaches
  11 goblins
  5 hobgoblins
  4 jackals (D:1)
  10 kobolds
  9 quokkas
  A frilled lizard (D:2)
  4 rats
207 creatures vanquished.

Notes
Turn   | Place    | Note
-------+----------+-------------------------------------------
     0 | D:1      | Gargoyl the Gargoyle Berserker began the quest for the Orb.
     0 | D:1      | Reached XP level 1. HP: 14/14 MP: 1/1
   131 | D:1      | Reached XP level 2. HP: 13/19 MP: 2/2
   143 | D:1      | Reached skill level 3 in Axes
   379 | D:1      | Reached XP level 3. HP: 24/24 MP: 3/3
   384 | D:1      | Found a faded altar of an unknown god.
   822 | D:2      | Reached ** piety under Trog
   882 | D:2      | Found Muuqast's Distillery.
  1184 | D:2      | Found Woewk's Distillery.
  1432 | D:2      | Found Vut Doodgh's General Store.
  1437 | D:2      | Reached XP level 4. HP: 28/29 MP: 4/4
  1443 | D:2      | Bought a scroll of teleportation for 36 gold pieces
  2128 | D:3      | Found Mumoucoj's Weapon Emporium.
  2454 | D:4      | Reached XP level 5. HP: 27/33 MP: 5/5
  2528 | D:4      | Found a runed translucent gate.
  2528 | D:4      | Found a runed translucent gate.
  2528 | D:4      | Found a runed translucent gate.
  2530 | D:4      | Identified the +2 whip of Midwinter {venom, rC+ Will-
                  | Int+2}
  2534 | D:4      | Noticed LDflipp's ghost (amateur TrCK)
  2544 | D:4      | Reached skill level 4 in Axes
  2544 | D:4      | Reached skill level 1 in Stealth
  2552 | D:4      | Killed LDflipp's ghost
  2553 | D:4      | Reached XP level 6. HP: 29/39 MP: 6/6
  2754 | D:4      | Noticed a black bear
  2761 | D:4      | Killed a black bear
  2762 | D:4      | Reached skill level 5 in Fighting
  2762 | D:4      | Reached skill level 5 in Axes
  2762 | D:4      | Reached XP level 7. HP: 44/44 MP: 7/7
  2812 | D:4      | Reached *** piety under Trog
  2841 | D:4      | Found a blossoming altar of Fedhas.
  2921 | D:4      | Identified a scroll of acquirement
  2921 | D:4      | Acquired the amulet of Vianne {Regen+ Dex+2 SInv Stlth+}
  3174 | D:5      | Entered Level 5 of the Dungeon
  3316 | D:5      | Reached XP level 8. HP: 49/49 MP: 8/8
  3393 | D:5      | Found Zubutucer's General Store.
  3396 | D:5      | Found Barejieplo's Specific Store.
  3404 | D:5      | Bought a +0 helmet for 63 gold pieces
  3492 | D:5      | Noticed Eustachio
  3511 | D:5      | Killed Eustachio
  3512 | D:5      | Reached skill level 6 in Axes
  3529 | D:5      | Noticed Pikel
  3574 | D:5      | Killed Pikel
  3575 | D:5      | Reached skill level 7 in Axes
  3658 | D:5      | Reached skill level 5 in Armour
  3661 | D:5      | Found a hazy altar of Hepliaklqana.
  3794 | D:5      | Found a basalt altar of Yredelemnul.
  3887 | D:5      | Found a white marble altar of Elyvilon.
  4011 | D:6      | Gained mutation: Armour fits poorly on your strangely
                  | shaped body. [potion of mutation]
  4011 | D:6      | Gained mutation: You are clumsy. (Dex -2) [potion of
                  | mutation]
  4011 | D:6      | Lost mutation: You are clumsy. (Dex -2) [potion of
                  | mutation]
  4012 | D:6      | Lost mutation: Armour fits poorly on your strangely shaped
                  | body. [potion of mutation]
  4012 | D:6      | Gained mutation: Your movements are slightly less
                  | encumbered by armour. (ER -2) [potion of mutation]
  4012 | D:6      | Gained mutation: Your spells are a little easier to cast,
                  | but a little less powerful. [potion of mutation]
  4040 | D:6      | Reached XP level 9. HP: 55/55 MP: 9/9
  4091 | D:6      | Found a shimmering blue altar of Sif Muna.
  4161 | D:6      | Found a radiant altar of Vehumet.
  4595 | D:7      | Reached skill level 8 in Axes
  4658 | D:7      | Found a staircase to the Ecumenical Temple.
  4778 | D:7      | Found a sacrificial altar of Ru.
  4825 | D:7      | Reached **** piety under Trog
  4844 | D:7      | Noticed Duvessa
  4844 | D:7      | Noticed Dowan
  4852 | D:7      | Killed Duvessa
  4854 | D:7      | Killed Dowan
  4949 | D:7      | Reached XP level 10. HP: 59/64 MP: 10/10
  5105 | D:7      | Found a runed translucent door.
  5106 | D:7      | Noticed Crazy Yiuf
  5211 | D:7      | Killed Crazy Yiuf
  5337 | D:8      | Reached skill level 9 in Axes
  5356 | D:8      | Found a staircase to the Lair.
  5639 | D:8      | Noticed Psyche
  5651 | D:8      | Killed Psyche
  5782 | D:8      | Found a hide-covered altar of Uskayaw.
  5827 | Lair:1   | Entered Level 1 of the Lair of Beasts
  5838 | Lair:1   | Noticed a catoblepas
  5839 | Lair:1   | Noticed a cane toad
  5840 | Lair:1   | Noticed a black mamba
  5846 | Lair:1   | Killed a black mamba
  5847 | Lair:1   | Reached skill level 10 in Axes
  5849 | Lair:1   | Killed a cane toad
  5851 | Lair:1   | Killed a catoblepas
  5852 | Lair:1   | Reached skill level 5 in Dodging
  5852 | Lair:1   | Reached XP level 11. HP: 71/71 MP: 11/11
  5950 | Lair:1   | Found a frozen archway.
  5962 | Lair:1   | Slain by a komodo dragon

Illustrated notes

Levels and vault maps discovered:
D:1:      minmay_arrival_plants_in_alcoves, layout_loops_cross,
          hellmonk_ecumenical_altar_arch_garden, serial_bayou_lagoon_b
D:2:      layout_basic, serial_shops, nicolae_shop_advertising_works
          [nicolae_subvault_shop_adworks], nicolae_shop_industrial_runoff,
          nicolae_shop_back_alley_shop
D:3:      layout_loops_ring, serial_shops, nicolae_shop_rolling_square,
          st_stairs_11, guppyfry_early_lair_pool
D:4:      layout_basic, mainiacjoe_overflow_chevrons,
          biasface_ghost_orc_armoury, minmay_pentangle
D:5:      layout_gridville, elyvilon_altar_1, mainiacjoe_overflow_swirl,
          nicolae_specific_store, amcnicky_mini_pool_small, uniq_pikel,
          uniq_eustachio
D:6:      layout_rooms, vehumet_crystals, nicolae_sif_muna_condensation,
          fountainhead
D:7:      layout_rooms, nicolae_ru_the_path_less_chosen,
          minmay_temple_entry_mini_moons, minmay_nine_imps,
          uniq_crazy_yiuf_cottage, uniq_duvessa
D:8:      layout_cave_pools, mainiacjoe_overflow_alcove_1,
          minmay_lair_entry_grove, serial_bayou_lagoon_a, uniq_psyche
Lair:1:   layout_long_grid, portal_ice_cave_entry_imps, minivault_19,
          grunt_forest_large_clearings, uniq_harold

Skill      XL: |  1  2  3  4  5  6  7  8  9 10 11 |
---------------+----------------------------------+-----
Axes           | 3 4 5 7 8 10 | 10.7
Dodging        | 2 3 4 5 |  5.2
Fighting       | 4 5 6 7 9 |  9.4
Stealth        | 1 2 3 |  3.2
Armour         | 3 5 7 8 |  8.5

Action                     |  1- 3 |  4- 6 |  7- 9 | 10-12 || total
---------------------------+-------+-------+-------+-------++-------
  Melee: Hand axe          |   121 |    72 |   253 |   108 ||   554
         Punch             |     3 |     2 |    18 |     7 ||    30
         Long sword        |       |     1 |       |       ||     1
 Invoke: Berserk           |       |     4 |     7 |     4 ||    15
         Trog's Hand       |       |       |     1 |     2 ||     3
         Brothers in Arms  |       |       |       |     1 ||     1
    Use: Scroll            |     8 |     2 |    11 |     1 ||    22
         Potion            |       |       |     2 |     1 ||     3
   Stab: Sleeping          |     1 |       |       |       ||     1
         Petrified         |       |       |       |     3 ||     3
 Armour: Animal skin       |    89 |    20 |       |       ||   109
         Chain mail        |       |    52 |   259 |   184 ||   495
  Dodge: Dodged            |    89 |    44 |   165 |   111 ||   409

Table legend: (Time is in decaauts)
 A = Elapsed time spent in this place.
 B = Non-inter-level travel time spent in this place.
 C = Inter-level travel time spent in this place.
 D = Time resting spent in this place.
 E = Time spent auto-exploring this place.
 F = Levels seen in this place.
 G = Mean time per level.
                   A        B        C        D        E       F      G
               +--------+--------+--------+--------+--------+-----+--------+
         Total |   6198 |   6006 |    192 |     48 |   4216 |   9 |  688.7 |
       Dungeon |   6037 |   5850 |    187 |      0 |   4216 |   8 |  754.6 |
          Lair |    160 |    155 |      5 |     48 |      0 |   1 |  160.0 |
               +--------+--------+--------+--------+--------+-----+--------+

Top non-repeatable levels by time:
     D:2: 1018 daAuts
     D:5: 854 daAuts
     D:1: 808 daAuts
     D:7: 787 daAuts
     D:4: 772 daAuts
     D:3: 664 daAuts
     D:8: 587 daAuts
     D:6: 545 daAuts
  Lair:1: 160 daAuts
